cohdb
Replays
Latest Replays
All Replays
Popular Replays
Top Player Replays
Match Explorer
How It Works
Community
CoH3 Stats
Reddit
Sign in to upload your games and track your stats! →
Sign in with Steam
Match 41128278
Unlisted
Match 41128278
Overview
Messages
Build Orders
End
Royal Engineer Section
Construct Section Command Post
Selects Canadian Shock Battlegroup
Infantry Section
Vickers Machine Gun Team
Infantry Section
Selects Attacking Spirit
Selects Canadian Shock Section
Canadian Shock Section
Construct Platoon Command Post
Humber Armored Car
Selects Incendiary Munitions
Construct Field Infirmary
Infantry Training
Selects Pyrotechnics
6-pounder Anti-tank Gun Team
Grenade Package
6-pounder Anti-tank Gun Team
WARNING ORDER: ZULU!!!
FeriG
0
0
Comments
sign in to comment!
No comments posted yet!